 Dungeon Crawl Stone Soup version 0.13.2 (console) character file.

346593 Yorikke the Bewitcher (level 21, -3/161 HPs)
             Began as a Vampire Enchanter on Apr 8, 2014.
             Was the Champion of Makhleb.
             Killed from afar by a fire giant (39 damage)
             ... with a fireball
             ... on Level 22 of the Dungeon on Apr 15, 2014.
             The game lasted 12:59:50 (83718 turns).

Yorikke the Bewitcher (Vampire Enchanter)          Turns: 83718, Time: 12:59:50

HP  -3/161       AC 19     Str  8      XL: 21   Next: 12%
MP  18/40        EV 27     Int 22      God: Makhleb [******]
Gold 3574        SH 12     Dex 19      Spells: 12 memorised,  3 levels left

Res.Fire  : . . .   See Invis. : +   o - +7 orc dagger (elec)
Res.Cold  : . . .   Warding    : +   H - +2 robe {MR+}
Life Prot.: + + .   Conserve   : +   m - -1 dwarf buckler
Res.Poison: +       Res.Corr.  : +   N - +2 helmet
Res.Elec. : .       Clarity    : +   k - +2 cloak {rCorr, Cons}
Sust.Abil.: . .     Spirit.Shd : .   Q - +1 pair of gloves "Smyiloaboz" {rPois Dex+4 Curse}
Res.Mut.  : .       Stasis     : .   M - +2 pair of boots of the Forsaken Wishes {rPois rN+}
Res.Rott. : .       Flight     : .   E - brooch of Shielding {Ward AC+4 EV+4}
Saprovore : . . .                    C - ring of wizardry
                                     P - ring of protection from magic

@: deflect missiles, regenerating quickly, extraordinarily resistant to hostile
enchantments, extraordinarily stealthy
A: bottle blood, fangs 3, see invisible, clarity, unbreathing
a: Bottle Blood, Minor Destruction, Lesser Servant of Makhleb, Major
Destruction, Greater Servant of Makhleb, Renounce Religion
}: 2/15 runes: barnacled, gossamer


You were on level 22 of the Dungeon.
You worshipped Makhleb.
Makhleb was exalted by your worship.
You were full.

You visited 8 branches of the dungeon, and saw 50 of its levels.

You collected 5818 gold pieces.
You spent 2264 gold pieces at shops.

Inventory:

Hand weapons
 b - a +5,+4 sabre of electrocution
 o - a +7,+7 orcish dagger of electrocution (weapon)
 F - a +1,+0 orcish dagger of venom (quivered)
Missiles
 G - 3 darts
Armour
 k - a +2 cloak of preservation (worn)
 m - a -1 dwarven buckler (worn)
 H - a +2 robe of magic resistance (worn)
 M - the +2 pair of boots of the Forsaken Wishes (worn) {rPois rN+}
   (You bought it in a shop on level 4 of the Orcish Mines)

   It protects you from poison.
   It protects you from negative energy.
 N - a +2 helmet (worn)
 Q - the +1 pair of gloves "Smyiloaboz" (worn) {rPois Dex+4 Curse}
   (You found it on level 3 of the Elven Halls)

   It affects your dexterity (+4).
   It protects you from poison.
   It may recurse itself.
Magical devices
 e - a wand of teleportation (5)
 j - a wand of digging (14)
 l - a wand of hasting (4)
Scrolls
 c - 2 scrolls of recharging
 i - 4 scrolls of teleportation
 n - 2 scrolls of fog
 r - a scroll of blinking
 t - 4 scrolls of remove curse
 v - 3 scrolls of identify
 w - 2 scrolls of vulnerability
 x - a scroll of enchant armour
 J - a scroll of silence
Jewellery
 h - an uncursed ring of protection from magic
 s - an uncursed ring of protection from cold
 u - an uncursed ring of ice
 y - an uncursed ring of sustenance
 z - an uncursed ring of sustain abilities
 A - an uncursed ring of positive energy
 B - an uncursed amulet of resist corrosion
 C - a ring of wizardry (right hand)
 E - the brooch of Shielding (around neck) {Ward AC+4 EV+4}
   (You took it off an orc on level 21 of the Dungeon)

   [amulet of warding]

   It affects your AC (+4).
   It affects your evasion (+4).
 O - the amulet "Muwkozatt" {Spirit Stlth++}
   (You found it on level 3 of the Elven Halls)

   [amulet of guardian spirit]

   It makes you much more stealthy.
 P - a ring of protection from magic (left hand)
Potions
 a - 2 potions of restore abilities
 d - a potion of flight
 f - 3 potions of might
 g - 10 potions of curing
 p - 3 potions of heal wounds
 q - 2 potions of resistance
 D - 2 potions of speed
 I - 3 potions of magic
Books
 K - a book of Spatial Translocations

   Spells                             Type                      Level
   Apportation                        Translocation                1
   Portal Projectile                  Translocation                2
   Blink                              Translocation                2
   Shroud of Golubria                 Charms/Translocation         2
   Teleport Other                     Translocation                3
   Passage of Golubria                Translocation                4
 L - a book of Death

   Spells                             Type                      Level
   Corpse Rot                         Necromancy                   2
   Sublimation of Blood               Necromancy                   2
   Agony                              Necromancy                   5
   *Dispel Undead                     Necromancy                   5
   Excruciating Wounds                Charms/Necromancy            5
   Bolt of Draining                   Conjuration/Necromancy       6
 U - a book of Burglary

   Spells                             Type                      Level
   Apportation                        Translocation                1
   Swiftness                          Charms/Air                   2
   Passwall                           Transmutation/Earth          3
   Passage of Golubria                Translocation                4
   Lee's Rapid Deconstruction         Earth                        5
   Darkness                           Hexes                        7
 X - a book of Ice

   Spells                             Type                      Level
   Freezing Aura                      Charms/Ice                   2
   *Ensorcelled Hibernation           Hexes/Ice                    2
   Ozocubu's Refrigeration            Ice                          6
   Bolt of Cold                       Conjuration/Ice              6
   Freezing Cloud                     Conjuration/Ice/Air          6
   Metabolic Englaciation             Hexes/Ice                    6
   *Simulacrum                        Ice/Necromancy               6
Miscellaneous
 S - a fan of gales


   Skills:
 * Level 14.7 Fighting
 + Level 12.9 Short Blades
 - Level 0.7 Throwing
 + Level 13.1 Dodging
 + Level 14.0 Stealth
 - Level 5.6 Shields
 * Level 14.6 Spellcasting
 + Level 16.5 Hexes
 + Level 9.6 Charms
 + Level 8.9 Necromancy
 + Level 12.1 Ice Magic
 * Level 11.6 Air Magic
 + Level 10.0 Invocations


You had 3 spell levels left.
You knew the following spells:

 Your Spells              Type           Power        Failure   Level  Hunger
a - Animate Skeleton      Necr           N/A          1%          1    None
b - Summon Butterflies    Summ           ###.....     1%          1    None
c - Confuse               Hex            ######..     0%          3    None
d - Tukima's Dance        Hex            ######..     1%          5    ##.....
f - Ensorcelled Hibernat  Hex/Ice        ######       0%          2    None
i - Invisibility          Hex            ######..     1%          6    #####..
o - Ozocubu's Armour      Chrm/Ice       ######....   1%          3    None
s - Silence               Hex/Air        ######....   1%          5    ##.....
t - Flight                Chrm/Air       ######....   1%          3    None
D - Dispel Undead         Necr           ######..     1%          5    ##.....
O - Deflect Missiles      Chrm/Air       ######....   3%          6    #####..
S - Simulacrum            Ice/Necr       ######....   3%          6    #####..


Dungeon Overview and Level Annotations

Branches:
Dungeon (22/27)            Temple (1/1) D:7             Orc (4/4) D:7
    Elf (3/3) Orc:3          Lair (8/8) D:8          Shoals (5/5) Lair:6
 Spider (5/5) Lair:4        Slime (0/6) Lair:8       Vaults (2/5) D:17
  Crypt: Vaults:2-3

Altars:
Ashenzari
Elyvilon
Fedhas
Kikubaaqudgha
Makhleb
Nemelex Xobeh
Okawaru
Sif Muna
Trog
Vehumet
Xom
Yredelemnul
Zin
the Shining One
Beogh

Shops:
D:15 [}=[+   Orc:4 %%+%%+[   Elf:2 (   Shoals:1 %   Vaults:1 [

Portals:
Hell: D:21
Pandemonium: D:21
Trove: Elf:2 (give wand of heal wounds (9))

Annotations:
D:9 exclusion: 2 burning bushes
D:12 exclusion: oklob plant
D:20 exclusion: door
Lair:3 exclusion: oklob plant
Shoals:5 Ilsuiw, Mennas
Vaults:2 Mara, Margery


Innate Abilities, Weirdness & Mutations

Your natural rate of healing is unusually fast.
You can bottle blood from corpses.
You have razor-sharp teeth.*
You have supernaturally acute eyesight.
You can survive without breathing.*
You possess an exceptional clarity of mind.+


Message History

Confirm with . or Enter, or press ? or * to list all spells.
Aiming: Ensorcelled Hibernation
Press: ? - help, Shift-Dir - straight line, f/p - fire giant
Aim: a fire giant, wielding a great sword of flaming (lightly wounded)
The fire giant easily resists.
The fire giant gestures at you while chanting.
The fireball explodes!
The fireball engulfs you!
The fireball engulfs the fire giant.
The fire giant resists.
Casting: Ensorcelled Hibernation
Confirm with . or Enter, or press ? or * to list all spells.
Aiming: Confuse
Press: ? - help, Shift-Dir - straight line, f/p - fire giant
Aim: a fire giant, wielding a great sword of flaming (moderately wounded)
The fire giant resists with some effort.
The fire giant hits you with a great sword of flaming!
The fire giant burns you!
* * * LOW HITPOINT WARNING * * *
The fire giant gestures at you while chanting.
The fireball explodes!
The fireball engulfs you!
You die...

#....#................#.....'..#.
#....#................#.....#..#.
#'####................#.....#..#.
. ...................##########.
...............................
...............................
♣♣♣...........................
#♣..........................
#♣......C..@................
#♣....#########.............
♣♣.....# #.............
.........# #.............
.#..##...# #............. ...
+...# #............. . #...#
#............. #...#
#............. ...+ +............


You could see a fire giant.

Vanquished Creatures
  Norris (Shoals:4)
  Jory (Spider:5)
  A deep elf blademaster (Elf:3)
  A deep elf master archer (Elf:3)
  A titan (Shoals:2)
  A sphinx (D:21)
  2 krakens (Shoals:3)
  Polyphemus (Shoals:2)
  Rupert (Spider:4)
  Frances (Elf:2)
  Kirke (D:16)
  A tengu reaver (D:21)
  Donald (Orc:4)
  5 deep elf sorcerers (Elf:3)
  A fire giant (D:21)
  2 frost giants
  Maud (Lair:3)
  A vault warden (Vaults:1)
  Louise (Shoals:4)
  3 ghost moths (Spider:5)
  Gastronok (D:10)
  5 emperor scorpions
  An orc warlord (Orc:4)
  Jorgrun (Shoals:2)
  5 stone giants (D:21)
  The ghost of dragonhide the Basher, a powerful OgHu of Trog (Elf:1)
  3 deep elf demonologists
  Azrael (D:16)
  A dire elephant (Lair:8)
  2 merfolk javelineers (Shoals:5)
  8 deep elf annihilators (Elf:3)
  3 merfolk impalers
  The ghost of Turgon the Brawler, a powerful TrWz of Ashenzari (D:15)
  Snorg (D:16)
  8 deep elf death magi
  2 ettins
  3 sirens
  5 yaktaur captains
  4 dragons
  5 deep elf high priests (Elf:3)
  A great orb of eyes (D:19)
  A vault guard (Vaults:1)
  Fannar (D:10)
  2 ironheart preservers
  3 merfolk aquamancers
  Harold (Spider:1)
  Josephine (D:10)
  Nessos (Elf:1)
  A ravenous feature mimic (D:20)
  9 hydras
  2 ice dragons
  Erica (Lair:4)
  An alligator snapping turtle (Shoals:3)
  12 ogre magi
  4 deep troll shamans (D:21)
  A rakshasa (D:13)
  24 death yaks
  Urug (D:11)
  3 catoblepae
  A fire crab (shapeshifter) (D:20)
  The ghost of Turgon the Grappler, an experienced TrSk of Ashenzari (D:10)
  An orc high priest (Orc:2)
  An iron golem (D:21)
  20 centaur warriors
  4 skeletal warriors (D:16)
  15 deep elf knights
  An iron troll (D:21)
  A deep troll (D:21)
  5 sea snakes
  A swamp dragon (Shoals:1)
  16 hill giants
  4 giant amoebae
  A flaming corpse (D:9)
  An ironbrand convoker (Vaults:1)
  15 orc knights
  3 unseen horrors
  Erolcha (Orc:3)
  A wizard (D:16)
  17 deep elf conjurers
  A stone giant zombie (D:21)
  A wolf spider zombie (D:17)
  6 griffons
  9 harpies
  An orc sorcerer (D:20)
  A moth of wrath (Spider:5)
  23 cyclopes
  2 frost giant zombies (D:21)
  35 wolf spiders
  A red wasp (Spider:3)
  19 elephants
  5 black mambas
  Maurice (Orc:1)
  A frost giant skeleton (D:21)
  5 stone giant skeletons
  3 fire giant skeletons
  10 deep elf summoners
  2 spiny worms
  A queen ant (Spider:4)
  A spiny frog (shapeshifter) (D:8)
  18 yaktaurs
  5 feature mimics
  Psyche (Orc:3)
  12 spiny frogs
  An eye of devastation (D:16)
  2 fire drakes
  9 mermaids
  25 jumping spiders
  22 orb spiders
  A yaktaur (shapeshifter) (D:18)
  11 demonic crawlers
  A polar bear (shapeshifter) (D:13)
  2 komodo dragons
  18 trolls
  An iron devil (Elf:3)
  23 two-headed ogres
  Sonja (D:11)
  17 deep elf priests
  14 snapping turtles
  2 fire vortices (D:9)
  5 boulder beetles
  43 blink frogs
  A komodo dragon (shapeshifter) (D:14)
  2 ravens
  A harpy skeleton (D:19)
  39 trapdoor spiders
  25 deep elf magi
  3 griffon zombies
  61 slime creatures
  A stone giant simulacrum (Vaults:1)
  A basilisk (shapeshifter) (Elf:1)
  59 redbacks
  4 basilisks
  A frost giant simulacrum (D:20)
  2 vampires
  2 grizzly bears (Lair:8)
  4 mottled dragons
  An ettin zombie (D:22)
  4 shadows
  A wyvern (Lair:4)
  6 water elementals
  86 ugly things
  2 griffon skeletons
  A spiny worm zombie (D:18)
  9 sharks
  A yak (shapeshifter) (Vaults:1)
  6 hungry ghosts
  5 hogs (D:16)
  2 hill giant zombies
  4 elephant slugs
  6 fire elementals (D:16)
  37 merfolk
  A hippogriff (shapeshifter) (D:20)
  29 vampire mosquitoes
  7 wraiths
  26 tarantellas
  8 manticores
  21 soldier ants
  37 deep elf fighters
  2 hill giant skeletons
  31 yaks
  23 hippogriffs
  10 wolves
  3 rock worms
  3 necrophages
  9 porcupines
  2 freezing wraiths
  A deep troll skeleton (D:20)
  A deep dwarf (shapeshifter) (D:8)
  A deep dwarf (D:8)
  A hell hound (D:16)
  2 sky beasts
  2 kobold demonologists (D:20)
  7 ice beasts
  41 orc warriors
  32 centaurs
  6 giant goldfish
  4 human zombies (D:13)
  5 phantoms
  An elf skeleton (D:13)
  A boring beetle (Spider:5)
  60 ogres
  Duvessa (D:6)
  20 crocodiles
  6 giant slugs
  19 water moccasins
  A spectral elf (Elf:1)
  2 yaktaur zombies
  3 big kobolds
  A brain worm (Lair:6)
  A gnoll sergeant (D:8)
  A giant slug zombie (D:16)
  5 wargs
  Blork the orc (D:7)
  25 giant frogs
  3 cyclops zombies
  A wyvern zombie (D:10)
  A manticore zombie (D:12)
  9 agate snails
  A deep troll simulacrum (D:22)
  5 yaktaur skeletons
  20 killer bees
  A wyvern skeleton (D:6)
  A cyclops skeleton (D:16)
  A troll zombie (D:12)
  2 eyes of draining
  6 jellyfish
  A boulder beetle zombie (D:17)
  An eye of draining (shapeshifter) (Elf:2)
  26 wights
  A troll skeleton (D:13)
  3 electric eels
  4 fire bats (D:9)
  A yak skeleton (D:14)
  A giant goldfish skeleton (Spider:4)
  7 goliath beetles
  A quasit (Elf:3)
  Dowan (D:6)
  6 crimson imps
  A basilisk zombie (D:17)
  38 spiders
  A hound (shapeshifter) (D:21)
  4 jellies
  Crazy Yiuf (D:3)
  11 hounds
  10 scorpions
  A centaur skeleton (D:11)
  A gnoll shaman (D:7)
  11 iguanas
  30 orc wizards
  30 orc priests
  18 humans
  7 big fish
  7 orange rats
  26 worker ants
  A boulder beetle simulacrum (D:17)
  19 sheep
  2 big kobold zombies
  8 ogre zombies
  Jessica (D:2)
  17 boggarts
  A crocodile skeleton (D:12)
  A crocodile zombie (D:10)
  A mottled dragon skeleton (D:14)
  An ogre skeleton (D:10)
  A hound zombie (D:10)
  A mummy (D:13)
  A killer bee simulacrum (D:10)
  25 adders
  11 gnolls
  10 giant centipedes
  54 green rats
  A shadow imp (Elf:3)
  3 giant mites
  4 worms
  2 human skeletons (D:13)
  An adder skeleton (D:4)
  An iguana skeleton (D:11)
  3 giant eyeballs
  173 orcs
  A ball python (D:1)
  25 bats
  7 giant cockroaches
  18 hobgoblins
  31 jackals
  12 quokkas
  5 giant geckos
  4 giant newts
  3 giant spores
  24 goblins
  2 goblin skeletons
  4 goblin zombies (D:7)
  2 hobgoblin skeletons (D:7)
  4 hobgoblin zombies
  32 kobolds
  4 orc skeletons (D:7)
  11 orc zombies (D:7)
  11 rats
  A rat skeleton (D:6)
  2 rat zombies
  22 ballistomycetes
  A butterfly (Lair:2)
  4 fungi
  8 plants
2353 creatures vanquished.

Vanquished Creatures (collateral kills)
  Arachne (Spider:1)
  A titan (D:21)
  Agnes (D:15)
  Roxanne (D:16)
  A deep elf annihilator (Elf:3)
  2 ogre magi
  A deep troll shaman (Lair:8)
  A death yak (Lair:8)
  Nergalle (Shoals:1)
  5 deep trolls
  A black mamba (Lair:8)
  A deep elf conjurer (Elf:1)
  A griffon (Lair:7)
  A smoke demon (Lair:8)
  A deep elf summoner (Elf:2)
  A demonic crawler (Spider:1)
  A mermaid (Shoals:2)
  A deep elf priest (Elf:1)
  A jumping spider (Spider:5)
  A troll (Orc:4)
  A slime creature (Vaults:1)
  A snapping turtle (Shoals:1)
  A two-headed ogre (Orc:4)
  A tarantella (Spider:5)
  2 yaks (Lair:8)
  A vampire mosquito (D:14)
  A porcupine (Lair:8)
  An orc warrior (Orc:4)
  An ice beast (D:12)
  4 ogres (Orc:4)
  A giant frog (D:15)
  A water moccasin (Lair:8)
  2 orc priests
  2 orc wizards (Orc:4)
  An orange rat (Lair:7)
  An ogre zombie (D:11)
  An adder (Lair:8)
  A white imp (Lair:7)
  12 orcs
  A hobgoblin (Orc:3)
  A goblin (Orc:4)
63 creatures vanquished.

Vanquished Creatures (others)
  Nikola (Shoals:4)
  A cacodemon (D:21)
  A merfolk aquamancer (Shoals:5)
  A centaur warrior (D:15)
  4 dancing weapons
  A tengu skeleton (D:21)
  A red wasp (D:21)
  3 orange demons
  2 smoke demons
  6 death yak skeletons (Lair:8)
  A sea snake skeleton (Shoals:2)
  2 centaur skeletons
  A fire vortex (D:9)
  A hydra skeleton (D:12)
  4 slime creatures
  A harpy skeleton (Shoals:2)
  A ynoxinul (Spider:5)
  An ice dragon skeleton (D:21)
  A dragon skeleton (D:21)
  A wraith (D:20)
  A deep troll skeleton (D:21)
  A deep elf mage (Elf:1)
  A neqoxec (D:15)
  A hill giant skeleton (Vaults:1)
  A raven skeleton (Shoals:3)
  19 elf skeletons
  2 orc warriors
  A blink frog skeleton (Lair:8)
  2 ogres
  An elephant skeleton (Lair:8)
  A yaktaur skeleton (D:18)
  3 cyclops skeletons
  A yak skeleton (Lair:7)
  3 human skeletons
  3 troll skeletons (Orc:4)
  A warg skeleton (Orc:4)
  A two-headed ogre skeleton (D:16)
  A water moccasin skeleton (Lair:8)
  An orc wizard (D:14)
  7 ogre skeletons
  A mottled dragon skeleton (Vaults:1)
  An orange rat skeleton (Lair:8)
  12 ufetubi (Shoals:4)
  An adder skeleton (Lair:8)
  A sheep skeleton (Shoals:2)
  20 orc skeletons
  11 orcs
  A bat (D:10)
  2 giant spores
  A goblin skeleton (Orc:1)
  A hobgoblin skeleton (Orc:4)
  A jackal skeleton (Lair:4)
  3 kobold skeletons (D:19)
  2 bushes (Lair:8)
  31 fungi
  24 plants
  19 tentacles (Shoals:3)
  138 tentacle segments (Shoals:3)
357 creatures vanquished.

Grand Total: 2773 creatures vanquished

Notes
Turn   | Place    | Note
--------------------------------------------------------------
     0 | D:1      | Yorikke, the Vampire Enchanter, began the quest for the Orb.
     0 | D:1      | Reached XP level 1. HP: 13/13 MP: 4/4
   103 | D:1      | Reached XP level 2. HP: 10/19 MP: 3/5
   147 | D:1      | Learned a level 2 spell: Ensorcelled Hibernation
   831 | D:1      | Reached XP level 3. HP: 24/24 MP: 7/7
  1230 | D:2      | Reached skill level 1 in Fighting
  1230 | D:2      | Reached XP level 4. HP: 30/30 MP: 7/9
  1277 | D:2      | Noticed Jessica
  1281 | D:2      | Killed Jessica
  1281 | D:2      | Reached skill level 5 in Hexes
  1281 | D:2      | Reached skill level 1 in Ice Magic
  1633 | D:3      | Noticed Crazy Yiuf
  1741 | D:3      | Found a sparkling altar of Nemelex Xobeh.
  2032 | D:3      | Reached XP level 5. HP: 32/35 MP: 10/10
  2296 | D:4      | Noticed a sky beast
  2331 | D:4      | Found a deep blue altar of Sif Muna.
  2579 | D:4      | Killed a sky beast
  2579 | D:4      | Reached XP level 6. HP: 16/42 MP: 2/13
  2746 | D:4      | Noticed a phantom
  2778 | D:4      | Learned a level 3 spell: Confuse
  2915 | D:4      | Killed a phantom
  3006 | D:5      | Entered Level 5 of the Dungeon
  3111 | D:5      | Reached XP level 7. HP: 48/48 MP: 13/15
  3852 | D:6      | Reached skill level 5 in Stealth
  3912 | D:6      | Noticed Duvessa
  3913 | D:6      | Noticed Dowan
  3950 | D:5      | Reached XP level 8. HP: 41/55 MP: 12/18
  4582 | D:7      | Found a staircase to the Ecumenical Temple.
  4582 | D:7      | Noticed Blork the orc
  4756 | D:7      | Reached skill level 6 in Hexes
  5094 | D:7      | Killed Blork the orc
  5157 | Temple   | Entered the Ecumenical Temple
  5360 | Temple   | Became a worshipper of Makhleb the Destroyer
  5474 | D:7      | Found a staircase to the Orcish Mines.
  5715 | D:7      | Reached XP level 9. HP: 52/62 MP: 18/21
  5730 | D:7      | Acquired Makhleb's first power
  5797 | D:7      | Reached skill level 5 in Spellcasting
  5851 | D:7      | Reached skill level 5 in Dodging
  5969 | D:6      | Reached skill level 5 in Fighting
  5983 | D:8      | Found a shimmering altar of Xom.
  5983 | D:8      | Found a shimmering altar of Xom.
  5983 | D:8      | Found a shimmering altar of Xom.
  5983 | D:8      | Found a shimmering altar of Xom.
  6014 | D:8      | Reached skill level 7 in Hexes
  6386 | D:8      | Acquired Makhleb's second power
  6405 | D:8      | Noticed a spiny frog
  6411 | D:8      | Killed a spiny frog
  6510 | D:8      | Reached skill level 5 in Ice Magic
  6583 | D:8      | Found a shimmering altar of Xom.
  6850 | D:8      | Found a staircase to the Lair.
  7229 | Lair:1   | Entered Level 1 of the Lair of Beasts
  7229 | Lair:1   | Noticed a spiny frog
  7231 | Lair:1   | Reached skill level 1 in Invocations
  7238 | Lair:1   | Killed a spiny frog
  7238 | Lair:1   | Reached skill level 5 in Short Blades
  7238 | Lair:1   | Reached XP level 10. HP: 46/70 MP: 16/23
  7293 | Lair:1   | Reached skill level 8 in Hexes
  7731 | Lair:1   | Noticed a spiny frog
  7737 | Lair:1   | Killed a spiny frog
  8265 | Lair:2   | Noticed a black mamba
  8280 | Lair:1   | Killed a black mamba
  8280 | Lair:1   | Reached skill level 9 in Hexes
  8439 | Lair:2   | Noticed an elephant
  8439 | Lair:2   | Noticed an elephant
  8439 | Lair:2   | Noticed an elephant
  8440 | Lair:2   | Noticed an elephant
  8608 | Lair:2   | Acquired Makhleb's third power
  8746 | Lair:2   | Reached XP level 11. HP: 76/78 MP: 19/26
  8870 | Lair:2   | Learned a level 6 spell: Invisibility
  8959 | Lair:2   | Noticed a six-headed hydra
  9184 | Lair:2   | Killed a six-headed hydra
  9532 | Lair:2   | Acquired Makhleb's fourth power
  9553 | Lair:2   | Noticed an elephant
  9623 | Lair:2   | Killed an elephant
  9631 | Lair:2   | Killed an elephant
  9631 | Lair:2   | Reached skill level 10 in Hexes
  9637 | Lair:2   | Killed an elephant
  9638 | Lair:2   | Noticed an elephant
  9701 | Lair:2   | Killed an elephant
  9827 | Lair:2   | Killed an elephant
 10266 | Lair:3   | Noticed Maud
 10279 | Lair:3   | HP: 3/79 [Maud/glowing demon trident (34)]
 10828 | Lair:3   | Killed Maud
 10884 | Lair:3   | Reached XP level 12. HP: 86/86 MP: 28/28
 11748 | Lair:4   | Acquired Makhleb's fifth power
 11966 | Lair:4   | Found a hole to the Spider Nest.
 12229 | Lair:4   | Reached skill level 11 in Hexes
 12253 | Lair:4   | Noticed Erica
 12283 | Lair:4   | Killed Erica
 13259 | D:3      | Killed Crazy Yiuf
 13520 | D:6      | Killed Duvessa
 13525 | D:6      | Killed Dowan
 14389 | Lair:5   | Found a staircase to the Shoals.
 14396 | Lair:5   | the staircase to the Shoals was a mimic.
 14861 | Lair:6   | Found a staircase to the Shoals.
 16185 | Lair:7   | Reached XP level 13. HP: 94/94 MP: 25/30
 16252 | Lair:7   | Reached skill level 5 in Invocations
 16302 | Lair:7   | Noticed a five-headed hydra
 16315 | Lair:7   | Killed a five-headed hydra
 16788 | Lair:7   | Noticed an eight-headed hydra
 16851 | Lair:7   | Killed an eight-headed hydra
 16851 | Lair:7   | Reached skill level 12 in Hexes
 16926 | Lair:7   | Reached skill level 10 in Spellcasting
 17054 | Lair:2   | Learned a level 5 spell: Tukima's Dance
 17460 | Lair:7   | HP: 2/95 [death yak (24)]
 17785 | Lair:7   | Reached skill level 10 in Fighting
 18259 | Lair:7   | Learned a level 1 spell: Animate Skeleton
 18482 | Lair:7   | Noticed an ice dragon
 18491 | Lair:7   | Killed an ice dragon
 18637 | Lair:8   | Entered Level 8 of the Lair of Beasts
 18942 | Lair:8   | Found a bloodstained altar of Trog.
 20003 | Lair:8   | Reached XP level 14. HP: 103/103 MP: 27/32
 20577 | Lair:8   | Reached skill level 13 in Hexes
 20704 | Lair:8   | Found a staircase to the Slime Pits.
 21031 | Lair:8   | Noticed a dire elephant
 21237 | Lair:8   | Killed a dire elephant
 22048 | Orc:1    | Entered Level 1 of the Orcish Mines
 22048 | Orc:1    | Noticed Maurice
 22064 | Orc:1    | Killed Maurice
 22468 | Orc:1    | Found a radiant altar of Vehumet.
 22732 | Orc:2    | Found a roughly hewn altar of Beogh.
 23033 | Orc:2    | Reached skill level 10 in Dodging
 24324 | Orc:2    | Reached skill level 1 in Necromancy
 24553 | Orc:3    | Noticed Erolcha
 24568 | Orc:3    | Killed Erolcha
 24672 | Orc:3    | Noticed Psyche
 24691 | Orc:3    | Killed Psyche
 24707 | Orc:3    | Found a staircase to the Elven Halls.
 25090 | Orc:4    | Entered Level 4 of the Orcish Mines
 25090 | Orc:4    | Found Smumer's Book Boutique.
 25090 | Orc:4    | Found Rafacw's Food Emporium.
 25098 | Orc:4    | Bought a book of Enchantments for 650 gold pieces
 25098 | Orc:4    | Bought a book of Death for 910 gold pieces
 25123 | Orc:3    | Learned a level 5 spell: Silence
 25129 | Orc:3    | Learned a level 5 spell: Dispel Undead
 25546 | Orc:4    | Found Schugg's Food Shoppe.
 25546 | Orc:4    | Found Twunt's Food Emporium.
 25554 | Orc:4    | Found Otewn's Antique Armour Emporium.
 25652 | Orc:4    | Noticed Donald
 25664 | Orc:4    | Killed Donald
 25667 | Orc:4    | Found a burning altar of Makhleb.
 25753 | Orc:4    | Found a bloodstained altar of Trog.
 26166 | Orc:4    | Reached skill level 1 in Air Magic
 26480 | Orc:3    | Reached XP level 15. HP: 111/111 MP: 28/33
 26850 | Orc:4    | Bought a pair of ancient boots for 169 gold pieces
 26854 | Orc:4    | Identified the +2 pair of boots of the Forsaken Wishes {rPois rN+} (You bought it in a shop on level 4 of the Orcish Mines)
 26905 | Orc:4    | Found Bemuga's Book Shoppe.
 26914 | Orc:4    | Found Darohuz's Food Boutique.
 26930 | Orc:4    | Bought a book of Air for 490 gold pieces
 26935 | Orc:4    | Learned a level 3 spell: Flight
 27962 | Shoals:1 | Entered Level 1 of the Shoals
 28170 | Shoals:1 | Found Ydeuclo's Food Emporium.
 28363 | Shoals:1 | Noticed Nergalle
 28386 | Shoals:1 | Killed Nergalle
 28386 | Shoals:1 | Reached skill level 1 in Charms
 28851 | Shoals:1 | Reached skill level 10 in Short Blades
 30035 | Shoals:2 | Noticed Polyphemus
 30892 | Shoals:2 | Noticed a titan
 30931 | Shoals:3 | Reached skill level 14 in Hexes
 31157 | Shoals:3 | Noticed a kraken
 31195 | Shoals:3 | Killed a kraken
 31253 | Shoals:3 | Noticed a kraken
 31495 | Shoals:3 | Killed a kraken
 32304 | Shoals:3 | Learned a level 3 spell: Ozocubu's Armour
 32689 | Shoals:4 | Noticed Norris
 32889 | Shoals:4 | Noticed Louise
 32901 | Shoals:4 | Killed Louise
 33032 | Shoals:4 | Noticed Nikola
 33159 | Shoals:4 | Your ally Louise died
 33171 | Shoals:5 | Entered Level 5 of the Shoals
 33223 | Shoals:5 | Reached skill level 10 in Ice Magic
 33395 | Shoals:5 | Reached XP level 16. HP: 120/120 MP: 26/35
 33485 | Shoals:5 | Noticed Ilsuiw
 33711 | Shoals:5 | Reached skill level 5 in Air Magic
 33724 | Shoals:5 | Noticed Mennas
 34087 | Spider:1 | Entered Level 1 of the Spider Nest
 34162 | Spider:1 | Noticed Harold
 34186 | Spider:1 | HP: 6/120 [Harold/bolt of fire (31)]
 34481 | Spider:1 | Killed Harold
 35169 | Spider:2 | Noticed Arachne
 36068 | D:9      | Found a white marble altar of Elyvilon.
 36069 | D:9      | Found a shimmering altar of Xom.
 36651 | D:10     | Entered Level 10 of the Dungeon
 36870 | D:10     | Noticed Gastronok
 36871 | D:10     | Noticed Fannar
 36947 | D:10     | Killed Gastronok
 37049 | D:10     | Killed Fannar
 37227 | D:10     | Noticed Turgon's ghost (experienced TrSk)
 37236 | D:10     | Your ally Fannar died
 37287 | D:10     | Killed Turgon's ghost
 37607 | D:10     | Noticed Josephine
 37660 | D:10     | Killed Josephine
 37662 | D:10     | Reached skill level 5 in Charms
 37753 | D:10     | Gained mutation: You possess an exceptional clarity of mind. [potion of beneficial mutation]
 38214 | D:11     | Noticed Sonja
 38221 | D:11     | Killed Sonja
 38430 | D:11     | Noticed Urug
 38432 | D:11     | Killed Urug
 38463 | D:11     | Reached skill level 10 in Stealth
 38915 | D:11     | Reached skill level 5 in Necromancy
 41844 | D:13     | Found a basalt altar of Yredelemnul.
 42080 | D:14     | Entered Level 14 of the Dungeon
 43621 | D:15     | Entered Level 15 of the Dungeon
 43621 | D:15     | Noticed Agnes
 43660 | D:15     | Killed Agnes
 44345 | D:15     | Found Orerawah's Book Emporium.
 44367 | D:15     | Found Xottul's Armour Shoppe.
 44459 | D:15     | Found Tiuph's Armour Boutique.
 44503 | D:15     | Bought a +0 dwarven buckler for 45 gold pieces
 44615 | D:15     | Noticed Turgon's ghost (powerful TrWz)
 44627 | D:15     | Killed Turgon's ghost
 44876 | D:15     | Found Blouk's Jewellery Boutique.
 44991 | D:15     | Found Giam's Gadget Boutique.
 45269 | D:15     | Learned a level 6 spell: Deflect Missiles
 45322 | D:15     | Reached XP level 17. HP: 127/127 MP: 32/36
 45565 | D:15     | Found a shattered altar of Ashenzari.
 45789 | D:16     | Noticed Roxanne
 46304 | D:16     | Noticed Azrael
 46352 | D:16     | Killed Azrael
 46385 | D:16     | Reached skill level 1 in Shields
 46525 | D:16     | Noticed Snorg
 46533 | D:16     | Killed Snorg
 47543 | D:16     | Noticed Kirke
 47783 | D:16     | Killed Kirke
 48253 | D:16     | Killed Roxanne
 48255 | D:16     | Identified Roxanne's Grimoire of Clay and Confrontation (You took it off Roxanne on level 16 of the Dungeon)
 49130 | D:17     | Found a staircase to the Vaults.
 49620 | D:17     | Reached skill level 15 in Hexes
 50796 | Spider:1 | Killed Arachne
 53379 | Spider:4 | Noticed Rupert
 53385 | Spider:4 | Killed Rupert
 53620 | Spider:4 | Reached XP level 18. HP: 136/136 MP: 35/37
 54769 | Spider:5 | Entered Level 5 of the Spider Nest
 55455 | Spider:5 | Noticed Jory
 56257 | Shoals:2 | Killed Polyphemus
 56315 | Shoals:2 | Noticed Jorgrun
 56478 | Shoals:2 | Killed Jorgrun
 56866 | Shoals:2 | Killed a titan
 57337 | Shoals:4 | Killed Norris
 57945 | Shoals:4 | Killed Nikola
 60921 | Spider:5 | Killed Jory
 61027 | Spider:5 | HP: 4/137 [wolf spider (5)]
 62102 | Spider:5 | Paprika: W00t!
 62164 | Spider:5 | Paprika: Die Tilesversion gefällt mir sehr gut
 62168 | Spider:5 | Paprika: Total hübsch
 62270 | Spider:5 | Paprika: Gah Gift!
 62703 | Spider:5 | Got a gossamer rune of Zot
 62752 | Spider:5 | Reached skill level 5 in Shields
 63186 | Elf:1    | Entered Level 1 of the Elven Halls
 63496 | Elf:1    | Reached XP level 19. HP: 144/144 MP: 33/38
 63722 | Elf:1    | Noticed Nessos
 63729 | Elf:1    | Killed Nessos
 63985 | Elf:1    | Noticed dragonhide's ghost (powerful OgHu)
 63994 | Elf:1    | Killed dragonhide's ghost
 65868 | Elf:2    | Noticed Frances
 65871 | Elf:2    | Killed Frances
 66026 | Elf:2    | Found Igunal's Antique Weapon Shop.
 66236 | Elf:2    | Found a portal to a secret trove of treasure.
 67586 | Elf:3    | Entered Level 3 of the Elven Halls
 69032 | Elf:3    | Reached skill level 10 in Air Magic
 70578 | Elf:3    | Got a crude marble ring
 70611 | Elf:3    | Identified the ring of Plaps {SustAb Stlth--} (You found it on level 3 of the Elven Halls)
 70633 | Elf:3    | Identified a +2 cloak of preservation (You found it on level 3 of the Elven Halls)
 70638 | Elf:3    | Identified the Compendium of Unholy Rituals and the Birds (You found it on level 3 of the Elven Halls)
 70947 | Elf:3    | Got a transparent silver amulet
 70952 | Elf:3    | Identified the amulet "Muwkozatt" {Spirit Stlth++} (You found it on level 3 of the Elven Halls)
 70962 | Elf:3    | Got a pair of jewelled gloves
 70966 | Elf:3    | Identified the +1 pair of gloves "Smyiloaboz" {rPois Dex+4 Curse} (You found it on level 3 of the Elven Halls)
 71370 | Elf:3    | Got an iridescent sling
 71371 | Elf:3    | Identified the sling of Frustration {flame, Int-2} (You found it on level 3 of the Elven Halls)
 72064 | Lair:2   | Learned a level 1 spell: Summon Butterflies
 72339 | Vaults:1 | Entered Level 1 of the Vaults
 72976 | Vaults:1 | Found Kleecw's Armour Emporium.
 73473 | Vaults:1 | Reached XP level 20. HP: 153/153 MP: 34/39
 73891 | Vaults:1 | Reached skill level 16 in Hexes
 74530 | Vaults:2 | Learned a level 6 spell: Simulacrum
 75422 | Vaults:2 | Noticed Margery
 75526 | Vaults:2 | Noticed Mara
 75529 | Vaults:2 | Noticed Yorikke's illusion
 76135 | Shoals:5 | Got a barnacled rune of Zot
 77986 | D:20     | Entered Level 20 of the Dungeon
 77986 | D:20     | Found a staircase to the Vaults.
 77986 | D:20     | the staircase to the Vaults was a mimic.
 80243 | D:21     | Found a shattered altar of Ashenzari.
 80255 | D:21     | Found a one-way gate leading to the halls of Pandemonium.
 81079 | D:21     | Reached skill level 10 in Invocations
 81958 | D:21     | Reached XP level 21. HP: 161/161 MP: 37/40
 81979 | D:21     | Found a gateway to Hell.
 83718 | D:22     | Killed from afar by a fire giant

Action                   |  1- 3 |  4- 6 |  7- 9 | 10-12 | 13-15 | 16-18 | 19-21 || total
-------------------------+-------+-------+-------+-------+-------+-------+-------++-------
Melee: Dagger            |    83 |   133 |   273 |   498 |  1281 |  1993 |  1479 ||  5740
       Unarmed           |       |       |       |       |       |     9 |       ||     9
       Sabre             |       |       |       |       |       |     5 |       ||     5
       Short sword       |       |       |       |       |       |       |    38 ||    38
Throw: Dart              |       |       |     6 |     2 |     8 |    13 |     3 ||    32
       Dagger            |       |       |       |       |       |       |     5 ||     5
 Cast: Corona            |     9 |       |       |       |       |       |       ||     9
       Ensorcelled Hiber |    13 |    33 |   109 |   260 |   334 |   564 |   181 ||  1494
       Confuse           |       |     5 |    24 |     9 |    19 |   165 |    35 ||   257
       Invisibility      |       |       |       |    11 |    55 |    64 |    59 ||   189
       Animate Skeleton  |       |       |       |       |    74 |    19 |    54 ||   147
       Tukima's Dance    |       |       |       |       |     1 |    11 |     2 ||    14
       Silence           |       |       |       |       |     4 |    12 |    29 ||    45
       Flight            |       |       |       |       |    42 |    43 |     3 ||    88
       Dispel Undead     |       |       |       |       |       |    43 |    13 ||    56
       Ozocubu's Armour  |       |       |       |       |       |    13 |     9 ||    22
       Deflect Missiles  |       |       |       |       |       |     1 |     9 ||    10
       Summon Butterflie |       |       |       |       |       |       |     1 ||     1
       Simulacrum        |       |       |       |       |       |       |     1 ||     1
Invok: Lesser Servant of |       |       |       |       |     1 |    21 |     1 ||    23
       Greater Servant o |       |       |       |       |       |       |     2 ||     2
 Abil: Bottle Blood      |       |       |       |       |       |     1 |       ||     1
Evoke: Wand              |       |     2 |       |     4 |     4 |     7 |     2 ||    19
  Use: Scroll            |     4 |     1 |     2 |    15 |    28 |    34 |    21 ||   105
       Potion            |     1 |       |     1 |       |       |    12 |     2 ||    16
 Stab: Sleeping          |    13 |    32 |    71 |   202 |   317 |   599 |   249 ||  1483
       Distracted        |     1 |     1 |       |     2 |     4 |    11 |     6 ||    25
       Confused          |       |       |    10 |       |     5 |    55 |    13 ||    83
       Invisible         |       |       |       |    31 |   187 |    96 |   138 ||   452
       Fleeing           |       |       |       |       |     1 |       |       ||     1
       Paralysed         |       |       |       |       |       |     1 |       ||     1
